Map: Frost LE

Players

Fropez

  • Race: Protoss Protoss
  • League: Silver
  • Spawn Location: 1:00

Darwin

  • Race: Zerg Zerg
  • Spawn Location: 11:00

VOD

Have the link to the VOD?

Description

Time

  • Played on: June 20, 2016, 2:13 p.m.
  • Length: 11:41
Show
View Real Time Build Order
Export as new Build Order

Fropez Protoss 

Build Orders: Oracle Opening 

Get SALT Encoding   

  12  0:02  Probe (Chrono Boost)  
  13  0:13  Probe (Chrono Boost)  
  14  0:19  Pylon  
  14  0:28  Probe (Chrono Boost)  
  15  0:39  Gateway  
  15  0:48  Gateway  
  15  0:49  Probe (Chrono Boost)  
  16  1:00  Pylon  
  16  1:01  Probe (Chrono Boost)  
  17  1:13  Probe (Chrono Boost)  
  17  1:17  Assimilator  
  18  1:23  Probe (Chrono Boost)  
  19  1:34  Probe (Chrono Boost), Cybernetics Core  
  20  1:42  Assimilator  
  20  1:44  Probe (Chrono Boost)  
  21  1:55  Probe (Chrono Boost)  
  21  2:00  Pylon  
  22  2:05  Probe (Chrono Boost)  
  23  2:12  Adept x2  
  27  2:16  Probe (Chrono Boost)  
  28  2:25  Pylon  
  28  2:26  Probe (Chrono Boost)  
  29  2:33  Stargate  
  29  2:42  Adept  
  31  2:44  Adept  
  31  2:48  Probe (Chrono Boost)  
  35  2:58  Probe (Chrono Boost)  
  35  2:59  Protoss Air Weapons Level 1  
  35  3:09  Probe (Chrono Boost)  
  36  3:18  Pylon  
  36  3:19  Probe (Chrono Boost)  
  37  3:25  Oracle (Chrono Boost)  
  40  3:32  Probe  
  41  3:34  Adept  
  41  3:35  Adept  
  45  3:45  Probe  
  46  4:07  Phoenix (Chrono Boost)  
  48  4:15  Probe  
  49  4:27  Probe  
  49  4:28  Phoenix (Chrono Boost)  
  52  4:50  Phoenix (Chrono Boost)  
  54  5:02  Sentry  
  54  5:12  Phoenix (Chrono Boost)  
  54  5:32  Mothership Core  
  48  6:03  Oracle (Chrono Boost)  
  51  6:10  Warp Gate (Chrono Boost)  
  51  6:14  Zealot x2  
  55  6:23  Pylon x2  
  55  6:25  Gateway x2  
  55  6:30  Gateway  
  55  6:35  Gateway  
  55  6:40  Pylon  
  55  6:41  Probe, Zealot x2  
  55  6:46  Pylon  
  55  6:47  Gateway  
  60  6:51  Pylon x2  
  60  6:53  Pylon, Probe  
  60  6:54  Phoenix  
  63  6:58  Pylon  
  63  6:59  Pylon  
  63  7:12  Probe  
  64  7:18  Phoenix  
  64  7:19  Pylon  
  66  7:24  Probe  
  67  7:36  Probe  
  68  7:48  Probe  
  69  7:51  Nexus  
  69  7:54  Pylon  
  66  8:15  Probe  
  67  8:24  Forge  
  67  8:25  Gateway  
  67  8:30  Assimilator  
  67  8:33  Assimilator  
  67  8:39  Pylon  
  67  8:43  Pylon  
  67  8:52  Zealot  
  69  9:20  Phoenix  
  69  9:22  Twilight Council  
  61  9:39  Adept x4  
  69  9:54  Zealot  
  55  10:30  Probe  
  56  10:42  Probe  
  57  10:54  Probe  
  55  10:58  Phoenix  
  57  11:05  Dark Shrine  
  57  11:06  Probe  
  59  11:18  Probe  
  59  11:26  Nexus  
Show
View Real Time Build Order
Export as new Build Order

Darwin Zerg 

Build Orders: Hatch First, Lurkers 

Get SALT Encoding   

  12  0:03  Drone  
  13  0:09  Drone  
  14  0:17  Overlord  
  14  0:26  Overlord  
  14  0:37  Drone x2  
  16  0:49  Drone  
  17  0:55  Extractor  
  16  0:58  Drone  
  17  1:08  Drone  
  18  1:31  Hatchery  
  17  1:35  Drone x2  
  19  1:47  Drone  
  19  1:53  Drone  
  21  1:56  Spawning Pool  
  20  2:05  Drone  
  21  2:08  Extractor  
  21  2:12  Drone  
  21  2:23  Drone  
  22  2:43  Queen  
  24  2:45  Queen  
  24  2:48  Drone x2  
  24  2:49  Metabolic Boost, Drone  
  29  2:58  Roach Warren  
  28  3:00  Overlord  
  28  3:07  Overlord  
  28  3:19  Queen  
  30  3:24  Drone x3  
  30  3:25  Drone  
  34  3:30  Lair  
  34  3:37  Drone x2  
  36  3:49  Roach x2  
  36  3:52  Roach x2  
  44  4:03  Roach x5  
  44  4:06  Overlord  
  50  4:11  Roach  
  52  4:18  Overlord x2  
  52  4:25  Queen  
  52  4:29  Glial Reconstitution  
  54  4:35  Queen  
  53  4:56  Overlord x2  
  53  4:57  Overlord  
  53  5:01  Drone x3  
  53  5:02  Drone  
  55  5:25  Hydralisk Den  
  55  5:26  Spore Crawler  
  53  5:31  Spore Crawler  
  52  5:37  Spore Crawler, Drone x4  
  45  6:06  Drone x2  
  45  6:07  Drone x6  
  53  6:11  Spore Crawler  
  53  6:16  Spore Crawler  
  53  6:18  Spore Crawler  
  50  6:19  Drone x2  
  50  6:22  Queen, Spore Crawler  
  53  6:31  Hydralisk x2  
  57  6:33  Lurker Den  
  57  6:39  Spire  
  56  6:56  Drone x5  
  61  7:06  Overseer  
  61  7:12  Extractor x2  
  59  7:23  Drone x2  
  59  7:25  Drone x3  
  59  7:27  Overlord  
  59  7:28  Overlord x4  
  64  7:32  Pneumatized Carapace  
  64  7:49  Hydralisk x4  
  64  7:50  Hydralisk  
  74  8:02  Hydralisk  
  74  8:03  Hydralisk x3  
  80  8:14  Muscular Augments  
  80  8:21  Evolution Chamber  
  80  8:24  Infestation Pit  
  78  8:43  Hydralisk x4  
  78  8:44  Hydralisk x6  
  98  8:54  Overseer x2  
  94  9:47  Hydralisk x8  
  94  9:48  Hydralisk x2  
  114  10:13  Hydralisk x2  
  114  10:14  Roach x3  
  108  10:35  Lurker  
  108  10:36  Lurker x3  
  108  10:37  Lurker  
  113  11:08  Overseer x2  
  113  11:13  Overlord  
  113  11:14  Overlord x5  
Tags
 
Composition
Lurkers
League
Silver
Matchup
PvZ
Replay Pack
All Mines
Spawn Locations
Close Positions
Add a new tag
Caveats
  • Supply blocks, unpowered buildings, or Contaminate may cause inaccurate times.
  • Supply counts are checked every 10 seconds.